 Dungeon Crawl Stone Soup version 0.32-a0-172-gc5dd13f2a7 (webtiles) character file.

Game seed: 5037890326949940134

618 IdlyInterested the Changeling (level 7, 0/45 HPs)
             Began as an Octopode Shapeshifter on Feb 12, 2024.
             Slain by a gnoll
             ... wielding a +0 spear
              (6 damage)
             ... on level 4 of the Dungeon.
             The game lasted 00:11:36 (3457 turns).

IdlyInterested the Changeling (OpSh)                Turns: 3457, Time: 00:11:37

Health: 0/45       AC:  1    Str: 17    XL:     7   Next: 45%
Magic:  7/7        EV:  7    Int: 17    God:
Gold:   465        SH:  0    Dex: 13    Spells: 6/6 levels left

rFire   . .          .
                       - Unarmed
rCold   + . .        (no shield)
rNeg    . . .        (helmet currently unavailable)
rPois   .            (no amulet)
rElec   .            q - +6 ring of intelligence
rCorr   .            D - ring of protection from cold
SInv    .            (no ring)
Will    .....        (no ring)
Stlth   +++          (no ring)
HPRegen 0.27/turn    (no ring)
MPRegen 0.10/turn    (no ring)
                     (no ring)

%: clarity
@: beast-form, held
A: beast (slay +3), almost no armour, amphibious, 8 rings, camouflage 1,
gelatinous body 1, (nimble swimmer 1), tentacles, tentacle spike 1, large bone
plates 1, clarity, strong 1
a: Begin Untransformation


You were on level 4 of the Dungeon.
You were a hulking beast.
You visited 1 branch of the dungeon, and saw 4 of its levels.
You also visited: Ossuary.

You collected 465 gold pieces.

Inventory:

Hand Weapons
 f - a +4 dagger
 j - a +2 dagger of freezing
Missiles
 d - 2 boomerangs (quivered)
 h - 6 poisoned darts
 m - 4 darts of dispersal
Jewellery
 q - a +6 ring of intelligence (left tentacle)
 D - a ring of protection from cold (right tentacle)
Talismans
 b - a beast talisman (active)
 c - a flux talisman
 v - a talisman of death
Wands
 C - a wand of roots (6)
Scrolls
 e - 6 scrolls of teleportation
 l - a scroll of vulnerability
 n - a scroll of silence
 p - 2 scrolls of immolation
 r - 2 scrolls of fear
 u - a scroll of brand weapon
 w - 5 scrolls of identify
 y - a scroll of revelation
Potions
 a - 2 potions of lignification
 g - 2 potions of cancellation {unknown}
 i - 2 potions of curing
 k - 2 potions of ambrosia {unknown}
 o - a potion of might {unknown}
 s - 2 potions of mutation
 t - a potion of berserk rage {unknown}
 x - a potion of resistance {unknown}
 z - a potion of heal wounds {unknown}
 A - a potion of haste {unknown}
 B - a potion of attraction {unknown}


   Skills:
 - Level 2.0 Fighting
 - Level 1.0 Throwing
 + Level 3.0 Dodging
 - Level 1.0 Stealth
 + Level 4.9 Unarmed Combat
 * Level 6.0 Shapeshifting


You had 6 spell levels left.
You didn't know any spells.
Your spell library contained the following spells:

 Spells                   Type           Power      Damage    Failure   Level
 Fugue of the Fallen      Necr           0%         N/A       56%         3
 Ozocubu's Armour         Ice            0%         N/A       56%         3
 Manifold Assault         Tloc           0%         N/A       93%         4


Dungeon Overview and Level Annotations

Branches:
Dungeon (4/15)            Ossuary (visited)
 Temple: D:4-7

Altars:
Hepliaklqana
Makhleb
Ru
Lugonu

Shops:
D:1 (   D:3 (

Portals:
Abyss: D:3


Innate Abilities, Weirdness & Mutations

You are a hulking beast.
Your limbs bulge with bestial killing power. (Slay +3)
You cannot wear most types of armour.
You are amphibious.
You can wear up to eight rings at the same time.
Your skin changes colour to match your surroundings (Stealth+).
Your rubbery body absorbs attacks. (AC +1, EV +1)
((You are camouflaged when in or above water. (Stealth+)))
You have tentacles for arms and can constrict up to eight enemies at once.
One of your tentacles bears a spike.
You are partially covered in large bone plates. (SH +4)
You possess an exceptional clarity of mind.
Your muscles are strong. (Str +4, Int/Dex -1)


Message History

A mysterious force pulls you upwards. The hatch slams shut behind you.
You open the door.
There is an open door here.
There is a stone staircase leading down here.
You climb downwards.
There is a stone staircase leading up, spattered with blood here.
You see here a +0 robe. 2 gnolls come into view.
A gnoll comes into view. It is wielding a +0 whip.
The gnoll shouts! x2
A gnoll comes into view.
It is wielding a +0 spear and quivering 2 throwing nets.
The gnoll shouts!
The gnoll shouts!
You tentacle-slap the gnoll but do no damage.
You grab the gnoll.
You pierce the gnoll.
The gnoll is lightly wounded.
You constrict the gnoll. The gnoll hits you with a +0 whip!
You tentacle-slap the gnoll.
You pierce the gnoll.
The gnoll is severely wounded.
You constrict the gnoll. You bludgeon the gnoll! Your grab misses the gnoll.
You pierce the gnoll.
You squeeze the gnoll, but do no damage.
The gnoll is almost dead.
You constrict the gnoll.
You kill the gnoll!
You block the gnoll's attack.
The gnoll throws a throwing net.
The throwing net hits you.
You become entangled in the net!
You struggle against the net.
The gnoll hits you with a +0 whip.
You struggle against the net.
The gnoll barely misses you.
The gnoll hits you from afar with a +0 spear!
You struggle against the net.
The gnoll hits you with a +0 whip!
The gnoll hits you from afar with a +0 spear!
* * * LOW HITPOINT WARNING * * *
The gnoll hits you from afar with a +0 halberd!
* * * LOW HITPOINT WARNING * * *
Unknown command.
It was a potion of curing.
You feel better. The gnoll hits you with a +0 whip.
* * * LOW HITPOINT WARNING * * *
The gnoll hits you from afar with a +0 spear.
You die...

### ************** ..#
*,,..........############## ..#
*,,..........#......>...... ..#
*,,..........#............. ..#
*,,..........#............. ..#
*,,..........#............. ..#
*,,.......gg.#...##....##.. ..#
*,,......g)..#...##....##.. ..#
*******#..h..#.........#... ..#
#.....#.........#... ..#
#.....#....>....#... ..######
#.....#...##....##.. .......#
#.....#...########.. .......#
#..[..+.........##.. .......#
#.....#.........##..
.......#######.....######........
........................#........


You could see 3 gnolls.

Vanquished Creatures
  A water moccasin (D:3)
  An ogre (D:4)
  2 orc priests
  2 hounds (D:4)
  An orc wizard (D:4)
  A sleepcap (D:4)
  8 mummies (Ossuary)
  A gnoll (D:4)
  6 adders
  4 dart slugs
  3 ribbon worms
  8 orcs
  2 bats
  5 endoplasms
  5 giant cockroaches
  5 goblins
  14 hobgoblins
  A jackal (D:4)
  A quokka (D:3)
  6 ball pythons
  3 frilled lizards
  A gnoll zombie (Ossuary)
  2 hobgoblin zombies (Ossuary)
  2 kobolds
  A kobold zombie (Ossuary)
  4 orc zombies (Ossuary)
  A quokka zombie (D:4)
  5 rats
  A rat zombie (D:4)
97 creatures vanquished.

Vanquished Creatures (others)
  A lurking horror (D:3)
1 creature vanquished.

Grand Total: 98 creatures vanquished

Notes
Turn   | Place    | Note
-------+----------+-------------------------------------------
     0 | D:1      | IdlyInterested the Octopode Shapeshifter began the quest
                  | for the Orb.
     0 | D:1      | Reached XP level 1. HP: 13/13 MP: 1/1
    77 | D:1      | Found Mevos's Antique Weapon Shop.
    92 | D:1      | Reached XP level 2. HP: 13/18 MP: 2/2
   471 | D:1      | Reached XP level 3. HP: 22/23 MP: 3/3
   828 | D:2      | Found a hazy altar of Hepliaklqana.
  1492 | D:3      | Gained mutation: Your muscles are strong. (Str +4, Int/Dex
                  | -1) [potion of mutation]
  1492 | D:3      | Gained mutation: One of your tentacles bears a spike.
                  | [potion of mutation]
  1492 | D:3      | Gained mutation: You are partially covered in large bone
                  | plates. (SH +4) [potion of mutation]
  1492 | D:3      | Gained mutation: You possess an exceptional clarity of
                  | mind. [potion of mutation]
  1653 | D:3      | Reached XP level 4. HP: 24/29 MP: 4/4
  1678 | D:3      | Reached skill level 4 in Shapeshifting
  1851 | D:3      | Found Xaulon's Weapon Shop.
  1884 | D:3      | Reached XP level 5. HP: 34/34 MP: 5/5
  1946 | D:3      | Noticed a water moccasin
  1953 | D:3      | Killed a water moccasin
  1954 | D:3      | Reached skill level 1 in Throwing
  2010 | D:3      | Found a corrupted altar of Lugonu.
  2010 | D:3      | Found a one-way gate to the infinite horrors of the Abyss.
  2135 | D:3      | Reached XP level 6. HP: 36/39 MP: 6/6
  2262 | D:3      | Found a burning altar of Makhleb.
  2352 | D:4      | Reached skill level 5 in Shapeshifting
  2395 | D:4      | Reached skill level 1 in Stealth
  2412 | D:4      | Found a sand-covered staircase.
  2432 | Ossuary  | Entered an ossuary
  2845 | D:4      | Reached XP level 7. HP: 45/45 MP: 7/7
  3124 | D:4      | Found a sacrificial altar of Ru.
  3129 | D:4      | Reached skill level 6 in Shapeshifting
  3457 | D:4      | Slain by a gnoll

Illustrated notes

Levels and vault maps discovered:
D:1:      dpeg_arrival_brainrot, layout_basic, serial_shops, shop
D:2:      layout_loops_ring, basic_altar
D:3:      layout_basic, lightli_temple_of_fire, serial_shops,
          nicolae_shop_waterfront, amcnicky_altar_lugonu_corruption
D:4:      minmay_spotlight, layout_gridville,
          nicolae_ru_great_annihilating_truth, enter_ossuary_4, minmay_unequal

Skill      XL: |  1  2  3  4  5  6  7 |
---------------+----------------------+-----
Fighting       | 2 |  2.0
Shapeshifting  | 4 5 6 |  6.0
Throwing       | 1 |  1.0
Unarmed Combat | 4 |  4.9
Stealth        | 1 |  1.0
Dodging        | 3 |  3.0

Action                     |  1- 3 |  4- 6 |  7- 9 || total
---------------------------+-------+-------+-------++-------
  Melee: Unarmed           |    66 |    77 |    24 ||   167
         Constrict         |    17 |    26 |     6 ||    49
         Tentacles         |    10 |    15 |     6 ||    31
         Punch             |     2 |     2 |       ||     4
         Kick              |     2 |    29 |    10 ||    41
  Throw: Stone             |       |    51 |       ||    51
         Boomerang         |       |     5 |     1 ||     6
    Use: Scroll            |     5 |     4 |       ||     9
         Potion            |     1 |       |     1 ||     2
   Stab: Sleeping          |    11 |     4 |     3 ||    18
         Paralysed         |       |       |     1 ||     1
 Armour: Skin              |    17 |    18 |    13 ||    48
  Dodge: Dodged            |    28 |    25 |     7 ||    60
  Block: Other             |     1 |     3 |     2 ||     6

Table legend: (Time is in decaauts)
 A = Elapsed time spent in this place.
 B = Non-inter-level travel time spent in this place.
 C = Inter-level travel time spent in this place.
 D = Time resting spent in this place.
 E = Time spent auto-exploring this place.
 F = Levels seen in this place.
 G = Mean time per level.
                   A        B        C        D        E       F      G
               +--------+--------+--------+--------+--------+-----+--------+
         Total |   3446 |   3192 |    254 |    270 |   2026 |   5 |  689.2 |
       Dungeon |   3079 |   2825 |    254 |    158 |   1941 |   4 |  769.8 |
       Ossuary |    367 |    367 |      0 |    112 |     85 |   1 |  367.0 |
               +--------+--------+--------+--------+--------+-----+--------+

Top non-repeatable levels by time:
     D:1: 822 daAuts
     D:3: 781 daAuts
     D:4: 771 daAuts
     D:2: 703 daAuts
 Ossuary: 367 daAuts
